AoeStats
← DS_Kvothe

Arabia

508783786Analyzed
1v1 RM · 8d ago on Sep 24, 2026· 30m 28s· 2 players
Game mode
Random Map
Map size
Tiny (2 player)
Population
200
Speed
Normal
Resources
Standard
Victory
Conquest
Starting age
Dark Age
Ending age
Imperial Age
RankedLock teamsTeams togetherTeam positionsShared explorationLock speedFull tech treeHidden civsTurbo modeCheats
Victory
Defeat
🇦🇷 Varangians · Argentina
1895
+18
🇺🇸 Huns · United States
1949
-18
DS_Kvothe
8:47 Feudal Age
9:16 Loom
9:31 Double-Bit Axe
10:53 Horse Collar
14:05 Bloodlines
18:20 Forging
20:30 Scale Barding Armor
25:19 Castle Age
25:55 Light Cavalry
26:06 Light Cavalry
27:26 Husbandry
30:04 Chain Barding Armor
PaPa $/V\uRF
5:41 Loom
8:35 Feudal Age
9:10 Double-Bit Axe
11:29 Horse Collar
17:54 Bloodlines
18:54 Scale Barding Armor
28:48 Castle Age
27:29 Forging
28:56 Light Cavalry
29:57 Chain Barding Armor
30:18 Iron Casting
Connection lost

Rejoining the realm…

Still unreachable

The connection could not be restored.

Session expired

The server has moved on; the page needs a fresh start.